 Dungeon Crawl Stone Soup version 0.25-a0-458-g6fc7858b95 (webtiles) character file.

Game seed: 17652588262085117865, levelgen mode: deterministic

798 ipx the Cudgeler (level 7, 0/57 HPs)
             Began as a Minotaur Monk on Feb 3, 2020.
             Was a Priest of Makhleb.
             Slain by a manticore (8 damage)
             ... on level 6 of the Dungeon.
             The game lasted 00:23:43 (1581 turns).

ipx the Cudgeler (Minotaur Monk)                    Turns: 1581, Time: 00:23:44

Health: 0/57       AC: 16    Str: 18    XL:     7   Next: 58%
Magic:  9/9        EV:  8    Int:  7    God:    Makhleb [***...]
Gold:   108        SH:  0    Dex: 12    Spells: 6/6 levels left

rFire    . . .     SeeInvis .   p - +1 flail (protect)
rCold    . . .     Gourm    .   (no shield)
rNeg     + . .     Faith    .   h - +1 chain mail {rN+}
rPois    .         Spirit   .   (helmet restricted)
rElec    .         Reflect  .   (no cloak)
rCorr    .         Harm     .   (no gloves)
MR       .....                  (no boots)
Stlth    ..........             (no amulet)
HPRegen  0.19/turn              (no ring)
MPRegen  0.11/turn              (no ring)

@: protection aura
A: retaliatory headbutt, horns 2
a: Minor Destruction, Lesser Servant of Makhleb, Renounce Religion


You were on level 6 of the Dungeon.
You worshipped Makhleb.
Makhleb was most pleased with you.
You were not hungry.

You visited 1 branch of the dungeon, and saw 6 of its levels.

You collected 218 gold pieces.
You spent 110 gold pieces at shops.

Inventory:

Hand Weapons
 a - a +0 executioner's axe
 b - a +0 hunting sling
 p - a +1 flail of protection (weapon)
Missiles
 d - 116 sling bullets
 j - 2 atropa-tipped darts (quivered)
 k - 34 poisoned darts
 r - 2 boomerangs
Armour
 h - a +1 chain mail of positive energy (worn)
Wands
 m - a wand of polymorph (13)
 n - a wand of random effects (15)
Scrolls
 e - 4 scrolls of identify {unknown}
 f - 2 scrolls of teleportation
 i - a scroll of random uselessness {unknown}
 l - a scroll of fear {unknown}
 q - a scroll of blinking {unknown}
 t - 2 scrolls of immolation {unknown}
Potions
 g - a potion of cancellation {unknown}
 o - a potion of agility {unknown}
 s - a potion of haste {unknown}
Comestibles
 c - 3 rations
 u - 3 chunks of flesh


   Skills:
 - Level 3.6 Fighting
 + Level 4.5(6.1) Axes
 - Level 6.5(7.2) Maces & Flails
 - Level 4.0 Throwing
 - Level 3.2 Dodging
 - Level 1.5 Stealth
 - Level 4.0 Invocations


You had 6 spell levels left.
You didn't know any spells.
Your spell library was empty.

Dungeon Overview and Level Annotations

Branches:
Dungeon (6/15)             Temple (0/1) D:5

Altars:
Kikubaaqudgha
Makhleb
Vehumet
Xom
Yredelemnul

Shops:
D:4 *   D:5 :


Innate Abilities, Weirdness & Mutations

You reflexively headbutt those who attack you in melee.
You have a pair of horns on your head.


Message History

Unknown command.
Press: ? - help, v - describe, . - travel, g - get item
Here: a manticore (almost dead)
An atropa-tipped dart.
The floor, spattered with blood.
Unknown command.
Unknown command.
Press: ? - help, Shift-Dir - straight line, f/p - manticore
Aim: a manticore (almost dead)
The zap hits the manticore but does no damage.
The manticore is almost dead.
The manticore bites you but does no damage.
The manticore closely misses you.
The manticore claws you but does no damage.
Unknown command.
Unknown command.
You hit the manticore.
The manticore is almost dead.
The manticore misses you. The manticore claws you!
You die...

................#
................###
...................
####...##.....##
#...###.##### #...#
#.## !#
#..)##.#.##.#
######...#####.H##
.........# #.#@#
........<# #..#.#
###.##..## H.##.##
#.##..# ### ##
#.##..#
###.##..#####
..............
........######
###.###.#


You could see a manticore.

Vanquished Creatures
  Grinder (D:4)
  An ice beast (D:6)
  An ogre (D:6)
  A centaur (D:5)
  A howler monkey (D:4)
  A jelly (D:6)
  2 centaur skeletons
  An orc wizard (D:3)
  A bullfrog skeleton (D:4)
  3 worker ants
  An adder (D:4)
  A shadow imp (D:5)
  2 oozes
  An adder skeleton (D:4)
  A worm (D:3)
  A dart slug (D:1)
  3 leopard geckos
  18 orcs
  3 giant cockroaches
  2 goblins
  3 hobgoblins
  6 kobolds
  3 ball pythons
  A bat (D:3)
  3 frilled lizards
  A quokka skeleton (D:4)
  7 rats
  A bush (D:4)
71 creatures vanquished.

Vanquished Creatures (others)
  An ogre (D:4)
  A scorpion (D:4)
  An orc wizard (D:4)
  A worker ant (D:4)
  2 adders (D:4)
  An orc (D:4)
7 creatures vanquished.

Grand Total: 78 creatures vanquished

Notes
Turn   | Place    | Note
-------+----------+-------------------------------------------
     0 | D:1      | ipx the Minotaur Monk began the quest for the Orb.
     0 | D:1      | Reached XP level 1. HP: 19/19 MP: 0/0
    90 | D:1      | Reached skill level 4 in Maces & Flails
    95 | D:1      | Reached XP level 2. HP: 21/26 MP: 1/1
   410 | D:3      | Found an ancient bone altar of Kikubaaqudgha.
   413 | D:3      | Found a burning altar of Makhleb.
   413 | D:3      | Found a radiant altar of Vehumet.
   420 | D:3      | Reached skill level 1 in Throwing
   425 | D:3      | Became a worshipper of Makhleb the Destroyer
   425 | D:3      | Reached * piety under Makhleb
   425 | D:3      | Reached ** piety under Makhleb
   462 | D:3      | Reached XP level 3. HP: 24/31 MP: 2/2
   514 | D:3      | Reached skill level 5 in Maces & Flails
   514 | D:3      | Reached skill level 1 in Invocations
   577 | D:3      | Reached XP level 4. HP: 29/39 MP: 3/3
   692 | D:4      | Killed an ogre
   783 | D:4      | Noticed Grinder
   794 | D:4      | Killed Grinder
   794 | D:4      | Reached skill level 6 in Maces & Flails
   794 | D:4      | Reached XP level 5. HP: 34/45 MP: 4/6
   794 | D:4      | Reached XP level 6. HP: 39/51 MP: 4/7
  1023 | D:4      | Found a shimmering altar of Xom.
  1135 | D:4      | Found Unuteq's Mass Market.
  1143 | D:4      | Bought a +0 executioner's axe for 110 gold pieces
  1227 | D:5      | Entered Level 5 of the Dungeon
  1227 | D:5      | Found a basalt altar of Yredelemnul.
  1315 | D:5      | Reached skill level 1 in Axes
  1315 | D:5      | Reached XP level 7. HP: 57/57 MP: 8/8
  1344 | D:5      | Found Dierphad's Book Boutique.
  1439 | D:5      | Found a staircase to the Ecumenical Temple.
  1447 | D:5      | Reached *** piety under Makhleb
  1566 | D:6      | Noticed a manticore
  1581 | D:6      | Slain by a manticore

Levels and vault maps discovered:
D:1:      lightli_arrival_chessboard, layout_basic, minmay_unequal
D:2:      layout_loops_ring, old_standard_altar, marbit_many_paths,
          first_ration, feat_on_display
D:3:      layout_rooms, grunt_temple_overflow_open, minmay_misc_feat_iff
D:4:      layout_cave_pods, xom_confusion_cloud, serial_forest,
          infiniplex_forest_clump_double, infiniplex_forest_straight_4,
          infiniplex_forest_lined_room_2, infiniplex_forest_clump_small,
          infiniplex_forest_end_2, infiniplex_forest_clump_small,
          infiniplex_forest_clump_small, minmay_shop_mass, uniq_grinder
D:5:      layout_basic, minmay_temple_entry_junction_2, basic_altar,
          serial_shops, shop
D:6:      minmay_cornered_nines, layout_basic, lemuel_round_altar, serial_shops,
          shop

Skill      XL: |  1  2  3  4  5  6  7 |
---------------+----------------------+-----
Maces & Flails | 4 5 6 |  6.5
Throwing       | 1 3 4 |  4.0
Invocations    | 1 2 3 4 |  4.0
Axes           | 1 4 |  4.5
Fighting       | |  3.6
Dodging        | |  3.2
Stealth        | |  1.5

Action                   |  1- 3 |  4- 6 |  7- 9 || total
-------------------------+-------+-------+-------++-------
Melee: Mace              |    83 |    89 |       ||   172
       Headbutt          |     9 |    26 |     8 ||    43
       Executioner's axe |       |    27 |    12 ||    39
       Flail             |       |       |    25 ||    25
 Fire: Hunting sling     |       |     1 |       ||     1
Throw: Dart              |     7 |    22 |     3 ||    32
Invok: Minor Destruction |     1 |     1 |     3 ||     5
  Use: Potion            |     1 |       |       ||     1
       Scroll            |       |     1 |       ||     1
 Stab: Invisible         |       |     1 |     1 ||     2
  Eat: Chunk             |       |     2 |     1 ||     3
Armor: Ring mail         |     4 |       |       ||     4
       Chain mail        |    32 |    56 |    23 ||   111
Dodge: Dodged            |    21 |    36 |    28 ||    85

Table legend:
 A = Non-vault XP
 B = Vault XP
 C = Vault XP percentage of total XP
 D = Non-vault monster count
 E = Vault monster count
 F = Vault count percentage of total count
                 A         B        C        D         E       F
            +---------+---------+-------+---------+---------+-------
      Total |     575 |     566 |  49.6 |      60 |      10 |  14.3
            +---------+---------+-------+---------+---------+-------
        D:1 |      20 |       7 |  25.9 |       9 |       4 |  30.8
        D:2 |       8 |       0 |   0.0 |       4 |       0 |   0.0
        D:3 |      74 |       0 |   0.0 |      17 |       0 |   0.0
        D:4 |     217 |     308 |  58.7 |      20 |       4 |  16.7
        D:5 |     211 |       0 |   0.0 |       9 |       0 |   0.0
        D:6 |      45 |     251 |  84.8 |       1 |       2 |  66.7
            +---------+---------+-------+---------+---------+-------
